[Event "13th KIIT Festival-A 2022"]
[Site "Bhubaneswar"]
[Date "2022.05.28"]
[Round "9.11"]
[White "Rakesh, Kumar Nayak"]
[Black "Gusain, Himal"]
[Result "0-1"]
[ECO "A20"]
[WhiteElo "2053"]
[BlackElo "2396"]
[Annotator "TA"]
[PlyCount "86"]
[EventDate "2022.05.15"]
[EventType "swiss"]
[EventCountry "IND"]
[SourceTitle "playchess.com"]
[Source "ChessBase"]
[SourceQuality "1"]
[TimeControl "5400+30"]

1. c4 e5 2. g3 c6 3. d4 e4 4. d5 Bb4+ 5. Bd2 Bxd2+ 6. Qxd2 {[%emt 0:00:02] A20: English Opening: 1...e5.} Nf6 7. Bg2 O-O 8. Nc3 {[%emt 0:01:13] White is slightly better.} Re8 9. Nh3 d6 10. O-O {[%emt 0:02:21] [#]} Bf5 $146 {[%emt 0:02:34] [#]} (10... cxd5 $11 {remains equal.} 11. Nxd5 Nxd5 12. Qxd5 Re5) ({Predecessor:} 10... c5 11. Ng5 Bf5 12. Qf4 Bg6 13. Ngxe4 Nxe4 14. Bxe4 a6 15. Bxg6 hxg6 16. a4 Re5 {1-0 (49) Bocharov,D (2516)-Pranav,V (2481) Chess.com INT 2022}) 11. e3 ({White should try} 11. dxc6 $1 $16 Nxc6 12. Nf4) 11... c5 $1 $15 12. f3 exf3 13. Rxf3 Ne4 14. Nxe4 Bxe4 15. Rf4 Bg6 16. Nf2 Nd7 (16... a6 {looks sharper.} 17. Ne4 b5 18. Raf1 Bxe4 19. Bxe4 Nd7) 17. e4 a6 18. h4 h6 19. Rf1 b5 20. Ng4 Ne5 21. h5 Bxh5 (21... Nxc4 $6 22. Qe2 Bh7 23. Rxf7 $11) 22. Nf6+ gxf6 23. Rh4 {[%emt 0:00:01] [#]} Kg7 $1 24. Rxh5 Rh8 25. Bh3 bxc4 26. Rhf5 h5 (26... Rb8 $17 {...Qe7 is the strong threat.} 27. R1f2 Qe7) 27. R1f2 $2 (27. Rxf6 $11 Qxf6 28. Rxf6 Kxf6 29. Qf4+ Kg7 30. Qg5+ Ng6 31. e5 dxe5 32. Bf5) 27... Rh6 $19 28. Rh2 Qe7 29. Qf4 Rah8 30. Bf1 h4 31. g4 Rg6 32. Bh3 Re8 33. Re2 Rg5 34. Kh1 a5 35. Qf2 a4 ({Not} 35... Rh8 $2 36. Qe3 $19) 36. a3 {[%emt 0:00:02] Black is clearly winning.} Rb8 {[%emt 0:00:23] And now ...Rb3 would win.} 37. Qxh4 Rh8 38. Qg3 Rxg4 39. Qe3 Rgh4 40. Rh2 Ng6 41. e5 fxe5 42. Qg3 R8h5 43. Rff2 Qg5 {[%emt 0:00:53] Weighted Error Value: White=0.60/Black=0.22 (precise)} 0-1

[Event "13th KIIT Festival-A 2022"]
[Site "Bhubaneswar"]
[Date "2022.05.28"]
[Round "9.12"]
[White "Rohith Krishna S"]
[Black "Koustav Chakraborty"]
[Result "1-0"]
[ECO "E05"]
[WhiteElo "2337"]
[BlackElo "1945"]
[Annotator "TA"]
[PlyCount "137"]
[EventDate "2022.05.15"]
[EventType "swiss"]
[EventCountry "IND"]
[SourceTitle "playchess.com"]
[Source "ChessBase"]
[SourceQuality "1"]
[TimeControl "5400+30"]

1. Nf3 d5 2. g3 Nf6 3. Bg2 e6 4. c4 Be7 5. O-O O-O 6. d4 dxc4 7. Qa4 a6 8. Qxc4 b5 9. Qc2 Bb7 10. Bf4 Nc6 11. Nbd2 Nxd4 {[%emt 0:18:14] E05: Open Catalan: 5 Nf3 Be7.} (11... Nd5 {seems wilder.} 12. Nb3 Nxf4 13. gxf4 Nb4) 12. Nxd4 Bxg2 13. Nxe6 fxe6 {[%emt 0:00:24] The position is equal.} 14. Kxg2 Nd5 15. Be5 c5 16. Nf3 {[%emt 0:00:17] [#]} c4 $146 ({Predecessor:} 16... Qe8 17. Qe4 Qf7 18. Rad1 Rad8 19. Rd2 c4 20. a3 h6 21. Rfd1 {½-½ (21) Nogueiras Santiago,J (2552)-Ehlvest,J (2627) New Delhi/Teheran 2000}) 17. a4 Qb6 18. Bd4 Qc6 19. b3 Nb4 20. Qb2 {[%emt 0:01:30] [#] Black must now prevent axb5.} Nd3 $1 21. exd3 (21. Qa2 e5) 21... Rxf3 (21... cxd3 $15 22. Bxg7 Qxf3+ 23. Kg1 Rf7) 22. Kg1 (22. axb5 $11 axb5 23. Rxa8+ Qxa8 24. bxc4) 22... Rxd3 $15 23. bxc4 Qxc4 (23... bxc4 $17 {...c3 is the strong threat.} 24. Bxg7 c3) 24. Bxg7 $11 Rb3 25. Qe5 $40 {[%emt 0:04:38][%mdl 128] Black needs to defend precisely.} Qd5 26. Rfd1 Qxe5 27. Bxe5 Rd8 {[%emt 0:00:00] Against Rd7} 28. Rdc1 Rd5 29. axb5 Rxe5 $4 {[%emt 0:00:00][%mdl 8192] [#] Black cannot hold the game after this.} ({Black should try} 29... Rbxb5 $14 30. Rc8+ Kf7) 30. Rc8+ $1 $18 ({Weaker is} 30. bxa6 Rb8 $14) 30... Kf7 31. bxa6 Bc5 (31... Rc5 $2 32. Rh8 Bf6 33. a7 (33. Rxh7+ Kg6 $11) 33... Bxh8 34. a8=Q Bxa1 35. Qa7+ (35. Qxa1 Rf5 $16) 35... Kg6 36. Qxc5) 32. a7 Bxa7 33. Rxa7+ {[%emt 0:00:05][%mdl 4096] Endgame KRR-KRR} Kg6 34. Rg8+ Kh6 $2 (34... Kf6 35. Rxh7 Rf5) 35. Rh8 (35. h4 $142 {Threatens to win with g4.} Rb6 36. g4) 35... Re1+ 36. Kg2 e5 37. Rhxh7+ Kg6 38. Rhb7 Rc3 39. Ra6+ Kf5 40. Rb4 Rcc1 41. Ra3 Rg1+ 42. Kh3 Rc7 43. Rf3+ Ke6 44. Re3 Kf5 45. Rh4 {[%emt 0:00:26] Prevents Rh7.} Rc2 46. Rh5+ Kf6 (46... Kg6 $142) 47. Rhxe5 Rxf2 48. Re6+ (48. Kg4 $142 Rd1 49. h4) 48... Kf7 49. Re7+ Kf8 50. Re2 Rf6 51. Re8+ Kg7 52. R2e7+ Kg6 53. Re6 (53. Kg4 $142 Rf7 54. Re6+ Rf6 55. Re3 Rc1 56. h4 Rd1 57. h5+ Kh6 58. Rh8+ Kg7 59. Ree8) 53... Rgf1 54. Rxf6+ {[%emt 0:00:13] White mates.} Rxf6 {[%emt 0:00:04] KR-KR} 55. Kg4 Ra6 56. Re4 Rf6 57. h4 Ra6 58. h5+ Kh6 59. Kh4 Ra1 60. Re6+ Kh7 61. g4 Ra5 62. Rd6 Rb5 63. h6 Rb1 64. Kh5 Rh1+ 65. Kg5 Ra1 66. Rd7+ Kh8 67. Kh5 Ra6 68. g5 Rb6 69. Rd8+ {[%emt 0:00:59] Weighted Error Value: White=0.24 (precise) /Black=0.53} 1-0

[Event "13th KIIT Festival-A 2022"]
[Site "Bhubaneswar"]
[Date "2022.05.28"]
[Round "9.13"]
[White "Pattnayak Nilsu"]
[Black "Saravana, Krishnan P."]
[Result "1-0"]
[ECO "B13"]
[WhiteElo "1992"]
[BlackElo "2269"]
[Annotator "TA"]
[PlyCount "107"]
[EventDate "2022.05.15"]
[EventType "swiss"]
[EventCountry "IND"]
[SourceTitle "playchess.com"]
[Source "ChessBase"]
[SourceQuality "1"]
[TimeControl "5400+30"]

1. e4 c6 2. d4 d5 3. exd5 cxd5 4. Bd3 Nc6 5. c3 g6 6. h3 Bg7 {[%emt 0:00:14] B13: Caro-Kann: Exchange Variation and Panov-Botvinnik Attack.} 7. Nf3 Nh6 8. Bf4 f6 {[%emt 0:03:46] White has an edge.} 9. O-O O-O 10. c4 {[%emt 0:01:08] [#]} Kh8 $146 ({Predecessor:} 10... Nf7 11. Nc3 e5 12. dxe5 fxe5 13. cxd5 exf4 14. dxc6 bxc6 15. Bc4 h6 16. Re1 Qc7 17. Nh4 Kh7 18. Bd3 Nh8 {1-0 (80) Borosova,Z (2307)-Petran,P (2361) Slovakia 2010}) 11. cxd5 Qxd5 12. Nc3 Qd8 13. d5 Nb4 (13... Ne5 $14) 14. Bc4 g5 15. Bg3 Na6 16. Qe2 g4 17. hxg4 {[%emt 0:01:39] 0x0.002d01638ea0dp-1022s more active pieces. The black rooks are badly placed.} Bxg4 18. Rfe1 (18. Bxa6 bxa6 19. Bf4 (19. Qxa6 Nf5 $14) 19... Qb6 $14) 18... Qb6 19. Bh2 (19. Nb5 $142) 19... Rac8 20. Bb3 (20. Rad1 $16) 20... Nc5 $1 $11 21. Na4 $36 {[%emt 0:01:57][%mdl 2048] White is more active.} Nxa4 22. Bxa4 Nf7 $1 23. Qe3 {[%emt 0:14:17] Prevents Ng5.} Qa6 (23... Qxb2 $14 24. Reb1 (24. Qxa7 $2 Ra8 $19) (24. Qxe7 Bxf3 25. gxf3 Ne5 $17) 24... Qc3) 24. Bb3 $16 Bh6 {[%emt 0:03:12] Against Qf4} 25. Qxe7 (25. Qe4 $18 Rg8 26. d6 (26. Bc2 $2 Rxc2 27. Qxc2 Bxf3 $19) 26... Nxd6 27. Bxd6 (27. Qxe7 Nc4 $14) 27... Qxd6 28. Bxg8 (28. Qxb7 Rb8 $11) 28... Rxg8 29. Qxb7) 25... Bxf3 26. Re6 Qa5 (26... Qd3 $14 27. Qxf6+ (27. gxf3 Qg6+ 28. Bg3 Ng5 $11) 27... Bg7 28. Qxf3 Qxf3 29. gxf3 Ng5) 27. Qxf6+ ({Better is} 27. gxf3 $18 {Strongly threatening Bg3.} Qd2 28. Rd1 (28. Qxf6+ Bg7 $18) 28... Qg5+ 29. Bg3) 27... Bg7 28. Qxf3 Ng5 29. Qe2 Nxe6 30. dxe6 {[%emt 0:00:02] And now e7 would win.} Qc5 {[%emt 0:01:07][%cal Of8f2] Hoping for ...Rxf2!} 31. Rd1 ({Weaker is} 31. e7 Rfe8 $15) 31... Rcd8 32. Re1 {[%emt 0:04:20] aiming for e7.} Rde8 33. Bg3 ({Don't do} 33. e7 $6 Rf5 $16) 33... Bf6 34. Qe4 Rg8 {[%emt 0:02:40] Threatens to win with ...Rxg3.} 35. Kf1 (35. Bf4 $18 {has better winning chances.}) 35... Qb5+ (35... Qh5 $142) 36. Qe2 Qc5 {[%emt 0:01:01][%cal Og8g3] ...Rxg3! is the strong threat.} 37. Rd1 ({White should play} 37. Qf3 Qe7 38. Rd1) 37... Qf5 {[%emt 0:00:31] White must now prevent ...Rxg3.} 38. Qd3 Qh5 39. Qf3 Qb5+ (39... Qxf3 $14 40. gxf3 Rg7) 40. Qd3 (40. Kg1 $18 Qg5 41. Qxb7) 40... Qh5 41. Qf3 (41. Kg1 $16) 41... Qxf3 (41... Qb5+ $1 $11 42. Kg1 Qg5 43. Qxb7 Rc8) 42. gxf3 $14 Bxb2 $2 {[%emt 0:00:04][%mdl 8192] [#]} (42... Kg7 $16 {is a better defense.}) 43. Rd7 (43. Bh4 $1 $18 {and the rest is easy.}) 43... Rg7 $2 {[%emt 0:00:06] [#] Prevents e7.} (43... Rg6 $16 {is more resistant.} 44. Rxb7 Rg7) 44. Bh4 $1 $18 {[%emt 0:01:11] White is clearly winning.} b6 45. e7 Rgg8 46. Rd8 Rxd8 47. exd8=Q Rxd8 48. Bxd8 Bd4 49. Ke2 Kg7 50. f4 Bc5 51. f5 Bd4 52. f4 b5 53. Kd3 Bb2 54. Bd1 {[%emt 0:00:13] Weighted Error Value: White=0.28 (precise) /Black=0.56} 1-0

[Event "13th KIIT Festival-A 2022"]
[Site "Bhubaneswar"]
[Date "2022.05.28"]
[Round "9.14"]
[White "Sangma, Rahul"]
[Black "Liyanage, Pesandu Rashmitha"]
[Result "1/2-1/2"]
[ECO "A30"]
[WhiteElo "2232"]
[BlackElo "1730"]
[Annotator "TA"]
[PlyCount "127"]
[EventDate "2022.05.15"]
[EventType "swiss"]
[EventCountry "IND"]
[SourceTitle "playchess.com"]
[Source "ChessBase"]
[SourceQuality "1"]
[TimeControl "5400+30"]

1. Nf3 c5 2. c4 Nf6 3. g3 b6 4. Bg2 Bb7 5. O-O e6 6. b3 Be7 7. Bb2 d6 {[%emt 0:00:18] A30: Symmetrical English: Double Fianchetto and Hedgehog.} 8. Nc3 Nbd7 9. d4 cxd4 {[%emt 0:00:08] White is slightly better.} 10. Nxd4 Bxg2 11. Kxg2 Qc7 {[%emt 0:00:53] Prevents Nc6.} 12. e4 a6 13. f4 O-O 14. Qf3 {[%emt 0:00:30] [#]} Rac8 $146 ({Predecessor:} 14... Rfe8 15. Rae1 Rac8 16. Re2 Rf8 17. Rfe1 Qb7 18. e5 Qxf3+ 19. Nxf3 dxe5 20. fxe5 Ne8 {1-0 (68) Gomes,M (2298)-Sachdev,T (2425) New Delhi 2008}) 15. Rad1 Nc5 16. Rd2 Qb7 17. Re1 Rfd8 18. g4 g6 19. f5 (19. b4 $14 Ncd7 20. b5 (20. g5 Nh5 $11)) 19... Nfd7 $11 20. fxe6 fxe6 21. e5 {[%emt 0:00:06] [#] Hoping for Qxb7.} Qxf3+ 22. Nxf3 Nxe5 23. Nxe5 dxe5 24. Red1 e4 (24... Rxd2+ $17 25. Rxd2 e4) 25. Ba3 ({Better is} 25. Rxd8+ $11 Rxd8 26. Rxd8+ Bxd8 27. Ba3) 25... Rxd2+ $15 26. Rxd2 Bf6 27. Bxc5 Bxc3 28. Rc2 bxc5 (28... Rxc5 $6 29. Rxc3 Kf7 30. Kg3 $11) 29. Rxc3 $17 {[%emt 0:00:02][%mdl 4096] Endgame KR-KR} Rd8 30. Kf2 (30. Re3 $15) 30... Rd2+ 31. Ke3 Rxh2 32. Kxe4 Re2+ ({Much weaker is} 32... Rxa2 $6 33. Ke5 $11) 33. Kf4 e5+ ({Of course not} 33... Rxa2 $6 34. Ke5 $15) (33... h6 $17 {...g5+ is the strong threat.} 34. a3 a5) 34. Kf3 $1 $11 Re1 35. a3 (35. Rc2 $11 {keeps the balance.}) 35... a5 36. b4 (36. Rc2 $15) 36... axb4 37. axb4 cxb4 38. Rb3 Kf7 ({Black should try} 38... Rf1+ $17 39. Kg3 Kf7 40. Rxb4 Rg1+ 41. Kf3 Kf6) 39. Rxb4 $15 Kf6 {[%emt 0:00:11] Strongly threatening ...Rf1+.} 40. Rb7 (40. Rb6+ $11 {was the only way to keep the balance.} Kg5 41. Re6) 40... h6 (40... Rc1 $17 {White must now prevent ...Rc3+.} 41. Rc7 Rf1+ 42. Ke2 Rf4) 41. Rc7 $2 (41. Rb6+ $11 {and White has nothing to worry.} Kg5 42. Re6) 41... Kg5 (41... Rf1+ $19 42. Kg3 Rf4) 42. Rc6 $1 $11 {[%emt 0:00:16] The position is equal.} Rf1+ 43. Ke4 Rf4+ 44. Kxe5 Rxg4 45. Rc8 h5 {[%emt 0:00:12] aiming for ...h4.} 46. c5 Rc4 {[%emt 0:00:12] Threatens to win with ...h4.} 47. c6 Kg4 48. Kd6 g5 {[%emt 0:00:15] And now ...Kh3 would win.} 49. Ra8 h4 50. c7 Rxc7 51. Kxc7 {[%emt 0:00:05] KR-KPP} h3 52. Rh8 Kg3 53. Kd6 g4 54. Ke5 Kg2 55. Kf4 g3 56. Rg8 h2 57. Rxg3+ {[%emt 0:00:57] KR-KP} Kf2 58. Rh3 Kg2 59. Rg3+ Kf2 60. Ra3 {[%emt 0:00:07] Intending Ra2+ and mate.} h1=Q 61. Ra2+ Kg1 {[%emt 0:00:37] ( -> ...Qh6+)} 62. Ra1+ Kg2 63. Rxh1 Kxh1 64. Ke4 {[%emt 0:22:40] Weighted Error Value: White=0.23 (precise) /Black=0.20 (precise)} 1/2-1/2

[Event "13th KIIT Festival-A 2022"]
[Site "Bhubaneswar"]
[Date "2022.05.28"]
[Round "9.15"]
[White "Ankit Ray"]
[Black "Abdyjapar, Asyl"]
[Result "1/2-1/2"]
[ECO "E63"]
[WhiteElo "1932"]
[BlackElo "2346"]
[Annotator "TA"]
[PlyCount "94"]
[EventDate "2022.05.15"]
[EventType "swiss"]
[EventCountry "IND"]
[SourceTitle "playchess.com"]
[Source "ChessBase"]
[SourceQuality "1"]
[TimeControl "5400+30"]

1. d4 Nf6 2. c4 g6 3. g3 Bg7 4. Bg2 O-O 5. Nc3 d6 6. Nf3 Nc6 7. O-O a6 8. e4 Bg4 9. h3 Bxf3 10. Bxf3 Nd7 11. Be3 e5 12. d5 Nd4 13. Bg2 c5 14. dxc6 $1 {[%emt 0:00:30] E63: King's Indian: Fianchetto: Panno Variation with 7...a6.} bxc6 15. Ne2 Qb6 16. Qd2 {[%emt 0:00:30] White has an edge.} Rfb8 17. b3 Nf8 (17... a5 $5 ) 18. Rad1 Nfe6 {[%emt 0:00:30] [#]} 19. Kh1 $146 ({Predecessor:} 19. f4 Qb4 20. f5 Qxd2 21. Rxd2 Nxe2+ 22. Rxe2 Nd4 23. Bxd4 exd4 24. e5 Bxe5 25. Bxc6 {0-1 (40) Kebbedies,F (1828)-Puccini,J (2322) Brisbane 2017}) 19... Qc7 20. f4 Nxe2 21. Qxe2 c5 22. f5 Nd4 23. Qg4 a5 24. h4 Qe7 (24... a4 $5 ) 25. Rd2 a4 26. bxa4 Rxa4 (26... Qe8 $11) 27. f6 Bxf6 {[%emt 0:00:30] [#] aiming for ...h5.} 28. Rdf2 h5 29. Qd1 Ra3 30. Bxd4 cxd4 31. Rxf6 Rxg3 32. Qe1 Ra3 33. Qf2 (33. Qc1 $5 Rxa2 34. Qg5 $14) 33... Rb7 34. Qd2 Re3 (34... Rb1 $5) 35. Qa5 Kg7 (35... Rb1 $11 {keeps the balance.} 36. Rxf7 (36. Rxb1 Qxf6 37. Rf1 Qxh4+ 38. Kg1 Qe7 $17) 36... Rxf1+ 37. Rxf1 Qxh4+ 38. Kg1 Qe7) 36. Qd5 $16 ({Don't take} 36. Rxf7+ $6 Qxf7 37. Rxf7+ Rxf7 $14) 36... Re1 37. Rxf7+ $18 ({And not} 37. Rxe1 Qxf6 38. Rf1 Qxh4+ 39. Kg1 Qe7 $17) 37... Qxf7 38. Qxf7+ ({Don't do} 38. Rxe1 Qe7 39. Kg1 Rc7 $16) 38... Rxf7 39. Rxe1 {[%emt 0:00:30][%mdl 4096] Endgame KRB-KR} Ra7 40. Re2 g5 41. hxg5 {[%emt 0:00:30] [#] Bh3 is the strong threat.} Kg6 42. Rf2 Kxg5 43. Bf1 Ra3 44. Kg2 h4 45. Kh2 {[%emt 0:00:30] Against h3} Rc3 46. Rf5+ ({White should try} 46. a4 $18) 46... Kg6 $16 47. Rf2 ({White should play} 47. a4 $16) 47... d3 $2 {[%emt 0:00:30][%mdl 40960] Weighted Error Value: White=0.14 (very precise) /Black=0.20 (precise) . An unexpected result.} (47... Kg5 $1 $11 {and Black has nothing to worry.}) 1/2-1/2

[Event "13th KIIT Festival-A 2022"]
[Site "Bhubaneswar"]
[Date "2022.05.28"]
[Round "9.16"]
[White "Daksh Goyal"]
[Black "Konguvel, Ponnuswamy"]
[Result "1-0"]
[ECO "A27"]
[WhiteElo "1795"]
[BlackElo "2331"]
[Annotator "TA"]
[PlyCount "83"]
[EventDate "2022.05.15"]
[EventType "swiss"]
[EventCountry "IND"]
[SourceTitle "playchess.com"]
[Source "ChessBase"]
[SourceQuality "1"]
[TimeControl "5400+30"]

1. c4 e5 2. Nc3 Nc6 3. Nf3 g6 4. d4 exd4 5. Nxd4 Bg7 6. e3 Nge7 7. Nf3 {[%emt 0:07:46] A27: English Opening: Three Knights Variation.} d6 8. Be2 O-O 9. O-O {[%emt 0:03:24] The position is equal.} h6 {[%emt 0:31:34] [#]} 10. Qc2 $146 ({Predecessor:} 10. Qd2 Be6 11. Rd1 Ne5 12. b3 f5 13. Bb2 a6 14. Nd4 Bd7 15. f4 N5c6 16. Bf3 Nxd4 17. exd4 {1-0 (59) Ocana Lameiro,O (1982)-Ingunza Curro,A (1670) Madrid 2017}) 10... Bf5 11. Qb3 Na5 12. Qa3 c5 13. Bd2 Nac6 14. Rad1 a6 15. e4 Bg4 16. Bf4 $36 {[%emt 0:05:38][%mdl 2048] White fights for an advantage.} Bxf3 17. Rxd6 (17. gxf3 Nd4 18. b4 cxb4 19. Qxb4 Nec6 $17) 17... Qc7 {[%emt 0:00:00] aiming for ...Bxe2.} 18. gxf3 Be5 $2 (18... g5 $14 19. Bg3 f5) 19. Bxe5 $18 Nxe5 20. Rfd1 b6 {[%emt 0:00:00] [#]} 21. b4 $1 cxb4 22. Qxb4 N7c6 (22... Rfd8 $142 23. Qxb6 Qxb6 24. Rxb6 Rxd1+ 25. Nxd1 g5) 23. Nd5 Nxb4 24. Nxc7 Rac8 25. Nd5 {[%emt 0:02:14] White is more active.} Nxd5 26. cxd5 (26. R1xd5 Nxc4 27. Bxc4 Rxc4 $16) 26... Rc2 27. Kf1 g5 28. a4 (28. Bxa6 $6 Rb2 $14) ({White should play} 28. Rxh6 Ng6 29. f4 (29. Bxa6 Kg7 $16) 29... Nxf4 30. Bg4 (30. Bxa6 f6 $14)) 28... Rb2 29. Rc1 (29. Bxa6 Nxf3 30. Rxh6 Kg7 $14) (29. Rf6 $16) 29... Ng6 $2 (29... Kg7 $11) 30. Bxa6 Kg7 31. Rdc6 Ne5 32. R6c3 f5 33. exf5 ({White should try} 33. Rc7+ $18 Kf6 {[#]} 34. R7c6+ $1 Kg7 35. Rc7+ Kf6 36. Be2) 33... Rxf5 $16 34. Be2 {[%emt 0:00:28] Strongly threatening Rd1.} Rf6 $2 (34... Rd2 $16) 35. Re3 $18 Nf7 36. Rc6 Rd2 37. Ree6 Rf4 38. Rg6+ ({Weaker is} 38. Rxb6 Rxa4 39. Re4 Ra1+ 40. Kg2 Raa2 $16) 38... Kh7 39. Rgf6 ({Not} 39. Rxb6 Rxa4 40. Rge6 Kg7 $16) 39... Rxd5 40. Bc4 ({Don't play} 40. Rxb6 Rxf6 41. Rxf6 Nd6 $18) 40... Rd7 41. Rxf4 Ne5 (41... gxf4 42. Rxb6 Ne5) 42. Rff6 {[%emt 0:00:25] Weighted Error Value: White=0.14 (very precise) /Black=0.42} 1-0

[Event "13th KIIT Festival-A 2022"]
[Site "Bhubaneswar"]
[Date "2022.05.28"]
[Round "9.17"]
[White "Nayak Rajesh"]
[Black "Chakrabarty, Debasis"]
[Result "1-0"]
[ECO "C56"]
[WhiteElo "2179"]
[BlackElo "2008"]
[Annotator "TA"]
[PlyCount "149"]
[EventDate "2022.05.15"]
[EventType "swiss"]
[EventCountry "IND"]
[SourceTitle "playchess.com"]
[Source "ChessBase"]
[SourceQuality "1"]
[TimeControl "5400+30"]

1. e4 e5 2. Nf3 Nc6 3. d4 exd4 4. Bc4 Nf6 5. O-O Nxe4 6. Re1 d5 7. Bxd5 Qxd5 8. Nc3 Qd8 9. Rxe4+ Be6 {[%emt 0:05:16] C56: Two Knights: 4 d4 exd4 5 0-0 Nxe4.} 10. Nxd4 Nxd4 11. Rxd4 Qf6 {[%emt 0:05:09] [#] White is slightly better.} (11... Bd6 12. Ne4 $16) 12. Qd3 $146 ({Predecessor:} 12. Nb5 Bd6 13. Rxd6 cxd6 14. Qxd6 Rc8 15. Nc7+ Rxc7 16. Qxc7 O-O 17. Qf4 Rd8 18. Qf3 Qxf3 19. gxf3 {½-½ (27) Dewangan,A (1440)-Zheng,H (1765) South Normanton 2019}) 12... Be7 13. Qb5+ c6 14. Qxb7 O-O 15. Rf4 (15. Be3 $14 Rab8 16. Qxa7) 15... Qg6 16. Qxc6 ({Of course not} 16. Qxe7 Rfe8 17. Qxe8+ Rxe8 $17) 16... Rad8 17. Qe4 f5 18. Qe2 Bd6 19. Rf3 f4 20. h3 Rfe8 (20... Bb8 $11) 21. Bxf4 $14 {[%emt 0:06:49] Black must now prevent Rg3.} Bd5 $1 22. Rg3 $1 Qf7 {[%emt 0:00:37] [#]} 23. Re3 {[%emt 0:05:08] Hoping for Bxd6.} Bc4 $1 {[%emt 0:07:23] This bishop pair is nice.} 24. Rxe8+ Rxe8 {[%emt 0:00:20] [#]} 25. Qxe8+ Qxe8 26. Bxd6 Qg6 27. Be5 Be6 28. Nd1 Qxc2 29. Ne3 Qe4 30. Bc3 g5 (30... Bxa2 $1 $11 31. Nf1 Qe6) 31. Rd1 h5 32. a3 g4 33. hxg4 hxg4 34. Rd4 (34. Rd8+ $1 $16 Kf7 35. Rd4) 34... Qb1+ {[%emt 0:00:33] [#] Black cannot hold the game after this.} (34... Qg6 $1 $14) 35. Kh2 $1 $18 Qh7+ {[%emt 0:00:58] [#]} 36. Kg3 $1 (36. Kg1 $6 Qg6 $14) 36... Qc7+ (36... Kf8 $142 37. Nxg4 Qc7+ 38. f4 Qh7) 37. Rf4 Kh7 38. Nxg4 Kg6 39. Ne5+ Kh5 $2 (39... Kg7 40. f3 Kg8) 40. Rh4+ (40. Rf6 $142 Qe7 41. Ng6 Qxf6 42. Nf4+ Qxf4+ 43. Kxf4) 40... Kg5 41. f3 {[%emt 0:01:34] Threatens to win with Bd2+.} a5 42. Rh8 ({But not} 42. f4+ Kf5 43. Nf3 Bf7 $18) 42... a4 $2 (42... Qd6 43. Ra8 Kf5 44. Rxa5 Bb3) 43. Rh4 Bb3 44. Rd4 Kf5 45. Rf4+ Ke6 46. Rh4 Bc2 47. Rc4 Qb8 48. Kf2 Bb3 49. Rc6+ Kd5 {[%emt 0:00:28] [#]} 50. Rc5+ $3 Ke6 51. Nc6 Qf4 52. Nd4+ Kd6 (52... Kd7 {might work better.} 53. Nxb3 Qh4+ 54. Ke3 Qh6+ 55. Ke4 Qg6+ 56. Rf5 Qe6+ 57. Re5 Qxb3) 53. Nxb3 {[%emt 0:01:09] Threatening mate with Be5+.} Qh4+ 54. Ke3 axb3 {[%emt 0:00:28][%mdl 4096] Endgame KQ-KRB} 55. Ra5 Kc6 56. g4 Qg3 57. Rf5 Qg1+ 58. Kd3 Qf1+ 59. Kd4 Qe2 60. a4 Kb6 (60... Qf2+ $142 61. Kc4 Qe2+ 62. Kxb3 Qe6+ 63. Ka3 Qe3) 61. Rf6+ Kb7 62. Kc5 (62. g5 $142 {And now g6 would win.} Qe8 63. a5 Qd8+ 64. Kc5 Qe7+ 65. Kc4) 62... Qe7+ 63. Kc4 {[%emt 0:00:10] g5 would kill now.} Qd7 64. Kxb3 Qd5+ 65. Kb4 Qd8 66. g5 {[%emt 0:01:02][%cal Bg4g5,Bg5g6,Bg6g7][%mdl 32] White mates.} Qe7+ 67. Kb3 Qd7 68. g6 Qd1+ 69. Kb4 Qd8 70. g7 Qe8 71. Rf8 Qe7+ 72. Kb3 Qe6+ 73. Ka3 Qd6+ 74. Ka2 Qd1 75. b3 {[%emt 0:00:21] Weighted Error Value: White=0.22 (precise) /Black=0.38} 1-0

[Event "13th KIIT Festival-A 2022"]
[Site "Bhubaneswar"]
[Date "2022.05.28"]
[Round "9.18"]
[White "Adireddy Arjun"]
[Black "Alekhya Mukhopadhyay"]
[Result "0-1"]
[ECO "B48"]
[WhiteElo "1898"]
[BlackElo "2162"]
[Annotator "TA"]
[PlyCount "84"]
[EventDate "2022.05.15"]
[EventType "swiss"]
[EventCountry "IND"]
[SourceTitle "playchess.com"]
[Source "ChessBase"]
[SourceQuality "1"]
[TimeControl "5400+30"]

1. e4 c5 2. Nf3 e6 3. d4 cxd4 4. Nxd4 Nc6 5. Nc3 Qc7 6. Be3 a6 7. Qd2 Nf6 8. f3 b5 9. O-O-O Be7 {[%emt 0:00:16] B48: Sicilian: Taimanov: 5 Nc3 Qc7 6 Be3 a6 without Be2.} 10. g4 {[%emt 0:02:22] 10.Kb1 is not played anymore.} O-O 11. h4 Bb7 {[%emt 0:00:49] [#] The position is equal.} 12. Rg1 $146 ({Predecessor:} 12. h5 Nxd4 13. Bxd4 e5 14. Be3 d5 15. g5 Nxe4 16. fxe4 d4 17. Nd5 Bxd5 18. exd5 dxe3 19. Qxe3 {0-1 (55) Ismagambetov,A (2492)-Brunello,S (2497) Khanty-Mansiysk 2010}) 12... Rac8 13. Qf2 ({White should play} 13. g5 $11 Nh5 14. Nxc6 Bxc6 15. a3) 13... Ne8 14. Nb3 Ne5 15. f4 b4 $1 16. Bb6 (16. fxe5 $2 bxc3 17. Bd3 (17. bxc3 $2 f6 $19) 17... cxb2+ 18. Kxb2 f6 $19) 16... Bxh4 (16... Qb8 $5 17. Nd5 (17. fxe5 bxc3 18. Kb1 d6 $17) 17... exd5 18. fxe5 f6 $17) 17. Qe3 Qb8 18. Ba7 Qc7 19. Bb6 Qb8 20. Bc5 $2 {[%emt 0:07:13] Black continues to play with concentration.} (20. Ba7 $11 Qc7 21. Bb6) 20... bxc3 $19 21. Bxf8 Kxf8 22. fxe5 Qxe5 23. Kb1 Bg5 (23... Nf6 $19 24. Qb6 Bxe4 25. Qb4+ Kg8 26. Bxa6 Ra8) 24. Qb6 {[%emt 0:02:35] Black must now prevent Qb4+.} Bxe4 {[%emt 0:01:31] This bishop pair is nice.} (24... Qxe4 25. Bg2 Qxg2 26. Rxg2 Bxg2 27. Rxd7 $18) 25. Bxa6 (25. Qb4+ $142 Be7 26. Qd4 Qxd4 27. Rxd4) 25... Rc6 $40 {[%emt 0:13:51][%mdl 128] Black has strong attack. The board is on fire.} 26. Qb5 $2 {[%emt 0:00:45] [#]} (26. Qf2) 26... Bxc2+ $1 27. Kxc2 {[%emt 0:00:08] [#]} Qe4+ ({Not} 27... cxb2+ 28. Kb1 Qe4+ 29. Rd3 $16 (29. Qd3 Nd6 $11)) 28. Qd3 Qa4 29. Bb5 Qxa2 30. Rb1 Rc7 {[%emt 0:02:01] And now ...cxb2+ would win.} 31. Rg3 (31. Na5 $142 Qxa5 32. bxc3) 31... cxb2+ 32. Kd1 {[%emt 0:02:20] [#]} Rc3 $3 33. Nd2 (33. Qc2 Rxg3) 33... Rxd3 34. Bxd3 Qa4+ 35. Ke2 Qf4 36. Nf1 Qe5+ 37. Kd1 Nf6 {[%emt 0:00:29] Strongly threatening ...Qd4.} 38. Rg2 Bc1 {[%emt 0:00:12] aiming for ...Qd4.} 39. Re2 Qd4 {[%emt 0:00:10] Black mates.} 40. Kc2 Nd5 41. Be4 Nc3 42. Re1 Nxe4 {[%emt 0:00:05] Weighted Error Value: White=1.13/Black=0.32} 0-1